 Dungeon Crawl Stone Soup version 0.23-a0-696-gf95311e5ea (webtiles) character file.

310 Brecoman the Changer (level 6, -12/51 HPs)
             Began as a Draconian Transmuter on Jan 12, 2019.
             Mangled by Edmund
             ... wielding a +4 flail of holy wrath
              (16 damage)
             ... on level 3 of the Dungeon.
             The game lasted 00:10:25 (2896 turns).

Brecoman the Changer (Draconian Transmuter)         Turns: 2896, Time: 00:10:25

Health: -12/51     AC:  2    Str: 17    XL:     6   Next: 17%
Magic:  3/9        EV: 20    Int: 16    God:
Gold:   88         SH:  0    Dex: 16    Spells: 3/9 levels left

rFire    . . .     SeeInvis .     - Unarmed
rCold    . . .     Gourm    .   (shield currently unavailable)
rNeg     . . .     Faith    .   (armour unavailable)
rPois    x         Spirit   .   (helmet currently unavailable)
rElec    .         Reflect  .   (cloak currently unavailable)
rCorr    .         Harm     .   (gloves currently unavailable)
MR       .....                  (boots currently unavailable)
Stlth    +.........             (no amulet)
HPRegen  0.17/turn              (no ring)
MPRegen  0.11/turn              (no ring)

@: mighty, spider-form, very slightly contaminated
A: tiny, unfitting armour, AC +6
a: End Transformation


You were on level 3 of the Dungeon.
You were hungry.
You were a venomous arachnid creature.
You visited 1 branch of the dungeon, and saw 4 of its levels.

You collected 88 gold pieces.

Inventory:

Hand Weapons
 h - a +1 mace of protection
Missiles
 a - 5 arrows
 k - 67 stones (quivered)
Scrolls
 i - 2 scrolls of teleportation
 l - a scroll of immolation
Potions
 b - a potion of flight
 e - 3 potions of lignification
 f - 3 potions of curing
Comestibles
 c - 6 rations


   Skills:
 + Level 3.1 Fighting
 - Level 2.7 Dodging
 + Level 4.0 Unarmed Combat
 + Level 2.2 Spellcasting
 * Level 4.3 Transmutations
 + Level 0.7 Poison Magic


You had 3 spell levels left.
You knew the following spells:

 Your Spells              Type           Power        Failure   Level  Hunger
a - Beastly Appendage     Tmut           ###...       12%         1    #......
b - Sticks to Snakes      Tmut           ###.....     16%         2    ###....
c - Spider Form           Tmut/Pois      #.........   43%         3    ###....

Your spell library contained the following spells:

 Spells                   Type           Power        Failure   Level  Hunger
 Ice Form                 Ice/Tmut       #.......     82%         4    #####..
 Blade Hands              Tmut           ###.......   85%         5    ######.


Dungeon Overview and Level Annotations

Branches:
Dungeon (4/15)
 Temple: D:4-7

Altars:
Ru

Annotations:
D:3 Edmund
D:4 Menkaure


Innate Abilities, Weirdness & Mutations

((Your plain brown scales are hard. (AC +6)))
You cannot fit into any form of body armour.
((You are cold-blooded and may be slowed by cold attacks.))


Message History

Edmund closely misses you.
You climb upwards.
There is a stone staircase leading down here.
Edmund hits you with a +4 flail of holy wrath!
Edmund hits you with a +4 flail of holy wrath!
Edmund hits you with a +4 flail of holy wrath!
Casting: Spider Form (safe; 22% risk of failure)
Confirm with . or Enter, or press ? or * to list all spells.
You miscast Spider Form.
You are very lightly contaminated with residual magic.
Strange energies run through your body. Edmund barely misses you.
Casting: Spider Form (safe; 22% risk of failure)
Confirm with . or Enter, or press ? or * to list all spells.
You turn into a venomous arachnid creature.
Edmund hits you with a +4 flail of holy wrath!!
* * * LOW HITPOINT WARNING * * *
It was a potion of might.
You feel very mighty all of a sudden.
Edmund hits you with a +4 flail of holy wrath!
You die...

## ###### .## #....##### ..#
#.##.#...# ..# #.##.#.#.# ..#
#.#....#)# ..### #.######.#
....# ###.###..#.# #...#
#...#....#)####### ##..#
###s#.#..........# #..#
#@#.#..#.#####.# #.##
#.#.#..#.# #.#
##.#############.#.####.# #.#
................>#....#.# #.#
###.################.##.#####.#
#.# #....##<##.# #.#
#######.##.# #.# #....#


You could see Edmund (berserk).

Vanquished Creatures
  A hippogriff (D:3)
  A howler monkey (D:4)
  Terence (D:3)
  An orc wizard (D:4)
  2 adders (D:3)
  A worm (D:3)
  2 dart slugs
  2 leopard geckos
  2 orcs
  9 bats
  3 giant cockroaches
  6 hobgoblins
  10 jackals
  5 kobolds
  A quokka (D:2)
  5 frilled lizards
  9 goblins
  7 rats
68 creatures vanquished.

Vanquished Creatures (collateral kills)
  An adder (D:2)
  A worm (D:2)
  A goblin (D:2)
  A rat (D:2)
4 creatures vanquished.

Grand Total: 72 creatures vanquished

Notes
Turn   | Place    | Note
-------+----------+-------------------------------------------
     0 | D:1      | Brecoman the Draconian Transmuter began the quest for the
                  | Orb.
     0 | D:1      | Reached XP level 1. HP: 16/16 MP: 3/3
   145 | D:1      | Reached XP level 2. HP: 19/23 MP: 5/5
   159 | D:1      | Learned a level 2 spell: Sticks to Snakes
   852 | D:1      | Reached XP level 3. HP: 29/29 MP: 4/6
  1744 | D:3      | Noticed Terence
  1755 | D:3      | Killed Terence
  1755 | D:3      | Reached XP level 4. HP: 36/36 MP: 2/7
  1768 | D:3      | Noticed a hippogriff
  1810 | D:3      | Killed a hippogriff
  1810 | D:3      | Reached XP level 5. HP: 26/44 MP: 0/8
  1815 | D:3      | Learned a level 3 spell: Spider Form
  2535 | D:4      | Reached XP level 6. HP: 42/51 MP: 5/9
  2571 | D:4      | Found a sacrificial altar of Ru.
  2582 | D:4      | Noticed Menkaure
  2887 | D:4      | Noticed Edmund
  2896 | D:3      | Mangled by Edmund

Vault maps used:
D:1:      psy_arrival_whirlpool, nrook_mini_vaults
D:3:      first_ration, hangedman_glass_teeth, uniq_terence
D:4:      nicolae_ru_great_annihilating_truth, uniq_menkaure, uniq_edmund

Skill      XL: |  1  2  3  4  5 |
---------------+----------------+-----
Dodging        | 2 |  2.7
Fighting       | 2 3 |  3.1
Transmutations | 3 4 |  4.3
Unarmed Combat | 4 |  4.0
Spellcasting   | |  2.2
Poison Magic   | |  0.7

Action                   |  1- 3 |  4- 6 || total
-------------------------+-------+-------++-------
Melee: Unarmed           |   129 |    85 ||   214
       Tailslap          |    14 |     2 ||    16
       Headbutt          |     4 |     2 ||     6
       Kick              |    11 |       ||    11
 Cast: Beastly Appendage |    23 |     6 ||    29
       Sticks to Snakes  |     4 |     3 ||     7
       Spider Form       |       |     8 ||     8
  Use: Scroll            |       |     7 ||     7
       Potion            |       |     1 ||     1
 Stab: Distracted        |     1 |       ||     1
  Eat: Chunk             |     3 |     5 ||     8
Armor: Skin              |    29 |    24 ||    53
Dodge: Dodged            |    86 |    54 ||   140

Table legend:
 A = Non-vault XP
 B = Vault XP
 C = Vault XP percentage of total XP
 D = Non-vault monster count
 E = Vault monster count
 F = Vault count percentage of total count
                 A         B        C        D         E       F
            +---------+---------+-------+---------+---------+-------
      Total |     367 |      76 |  17.2 |      67 |       5 |   6.9
            +---------+---------+-------+---------+---------+-------
        D:1 |      49 |       0 |   0.0 |      27 |       0 |   0.0
        D:2 |      39 |       0 |   0.0 |      16 |       0 |   0.0
        D:3 |     224 |      34 |  13.2 |      21 |       1 |   4.5
        D:4 |      55 |      42 |  43.3 |       3 |       4 |  57.1
            +---------+---------+-------+---------+---------+-------
